 Dungeon Crawl Stone Soup version 0.28.0-1-gb440e238dd (webtiles) character file.

Game seed: 12972361690309292593

58 firemarshallily the Skirmisher (level 3, -9/34 HPs)
             Began as a Minotaur Berserker on Feb 20, 2022.
             Was a Follower of Trog.
             Mangled by a gnoll (15 damage)
             ... on level 2 of the Dungeon.
             The game lasted 00:04:59 (1508 turns).

firemarshallily the Skirmisher (Minotaur Berserker) Turns: 1508, Time: 00:05:00

Health: -9/34      AC:  2    Str: 23    XL:     3   Next: 76%
Magic:  2/2        EV: 12    Int:  4    God:    Trog [*.....]
Gold:   52         SH:  0    Dex:  9    Spells: 2/2 levels left

rFire   . . .      SeeInvis .   a - +0 hand axe
rCold   . . .      Faith    .   (no shield)
rNeg    . . .      Spirit   .   b - +0 animal skin
rPois   .          Reflect  .   (helmet restricted)
rElec   .          Harm     .   (no cloak)
rCorr   .          Rampage  .   (no gloves)
Will    .....                   (no boots)
Stlth   +.........              (no amulet)
HPRegen 0.11/turn               (no ring)
MPRegen 0.08/turn               (no ring)

@: no status effects
A: horns 2, retaliatory headbutt
a: Renounce Religion, Berserk


You were on level 2 of the Dungeon.
You worshipped Trog.
Trog was aware of your devotion.
You visited 1 branch of the dungeon, and saw 2 of its levels.

You collected 52 gold pieces.

Inventory:

Hand Weapons
 a - a +0 hand axe (weapon)
Missiles
 c - 15 stones (quivered)
Armour
 b - a +0 animal skin (worn)
Scrolls
 d - a scroll of fear {unknown}
 f - a scroll of fog {unknown}
Potions
 g - a potion of curing


   Skills:
 + Level 4.5 Fighting
 + Level 4.4 Axes
 + Level 2.8 Armour
 + Level 2.6 Dodging
 + Level 0.1 Stealth


You had 2 spell levels left.
You didn't know any spells.
Your spell library was empty.

Dungeon Overview and Level Annotations

Branches:
Dungeon (2/15)

Altars:


Innate Abilities, Weirdness & Mutations

You have a pair of horns on your head.
You reflexively headbutt those who attack you in melee.


Message History

* * * LOW HITPOINT WARNING * * *
You slash the hobgoblin!
You kill the hobgoblin!
Trog accepts your kill.
f - a scroll labelled CUAMMASHR HIRUI;
g - a golden potion A gnoll comes into view.
It is wielding a +0 halberd.
As you read the scroll of identify, it crumbles to dust.
g - a potion of curing Throw: 21 stones
Press: ? - help, Q - select action Shift-Dir - straight line, f - gnoll
Aim: a gnoll, wielding a +0 halberd (wandering, hasn't noticed you, 60% to hit)
You throw a stone.
The stone hits the gnoll but does no damage.
Throw: 20 stones
Press: ? - help, Q - select action Shift-Dir - straight line, f/p - gnoll
Aim: a gnoll, wielding a +0 halberd (60% to hit)
You throw a stone. The stone hits the gnoll.
The gnoll is lightly wounded.
Throw: 19 stones
Press: ? - help, Q - select action Shift-Dir - straight line, f/p - gnoll
Aim: a gnoll, wielding a +0 halberd (lightly wounded, 60% to hit)
You throw a stone. The stone completely misses the gnoll.
Throw: 18 stones
Press: ? - help, Q - select action Shift-Dir - straight line, f/p - gnoll
Aim: a gnoll, wielding a +0 halberd (lightly wounded, 60% to hit)
You throw a stone. The stone hits the gnoll.
The gnoll is moderately wounded.
Throw: 17 stones
Press: ? - help, Q - select action Shift-Dir - straight line, f/p - gnoll
Aim: a gnoll, wielding a +0 halberd (moderately wounded, 60% to hit)
You throw a stone.
The stone hits the gnoll but does no damage.
The gnoll is moderately wounded.
Throw: 16 stones
Press: ? - help, Q - select action Shift-Dir - straight line, f/p - gnoll
Aim: a gnoll, wielding a +0 halberd (moderately wounded, 60% to hit)
You throw a stone. The stone barely misses the gnoll.
The gnoll barely misses you. The gnoll hits you with a +0 halberd!
You die...

#.# #.####.......##
## #.#
#.#####.....##
####.###(.........##
...†.....##########
#######..# ####..#
#...<.# #
#.##..###########.#
# #(.)......g@....#
#.#...###########.#
###.....########## #
.?....(..........#
.####.(##...####.
#.(..$........
#.(##...###... #((
##.## . #.# #.#


You could see a gnoll.

Vanquished Creatures
  A gnoll (D:2)
  3 adders (D:2)
  A dart slug (D:2)
  3 endoplasms
  2 goblins (D:1)
  3 hobgoblins
  4 ball pythons
  2 bats
  2 kobolds
  2 rats
23 creatures vanquished.

Notes
Turn   | Place    | Note
-------+----------+-------------------------------------------
     0 | D:1      | firemarshallily the Minotaur Berserker began the quest for
                  | the Orb.
     0 | D:1      | Reached XP level 1. HP: 19/19 MP: 0/0
   286 | D:1      | Reached XP level 2. HP: 10/27 MP: 1/1
  1024 | D:2      | Reached XP level 3. HP: 23/33 MP: 2/2
  1338 | D:2      | Found a faded altar of an unknown god.
  1508 | D:2      | Mangled by a gnoll

Illustrated notes

Levels and vault maps discovered:
D:1:      moated_graveyard_arrival, layout_basic
D:2:      layout_loops_ring, basic_ecumenical_altar, minmay_heptomino_o4,
          uniq_sigmund, uniq_robin

Skill      XL: |  1  2 |
---------------+-------+-----
Fighting       | 4 |  4.5
Axes           | 4 |  4.4
Armour         | |  2.8
Dodging        | |  2.6
Stealth        | |  0.1

Action                   || total
-------------------------++-------
Melee: Hand axe          ||    73
       Headbutt          ||     7
       Punch             ||     1
Throw: Stone             ||    10
  Use: Potion            ||     3
       Scroll            ||     2
 Stab: Sleeping          ||     1
Armor: Animal skin       ||    14
       Skin              ||     1
Dodge: Dodged            ||    43
